 Dungeon Crawl Stone Soup version 0.17-a0-1863-g715b4b0 (webtiles) character file.

321737 ketsa the Shatterer (level 20, -2/164 HPs)
             Began as a Demonspawn Berserker on July 26, 2015.
             Was the Champion of Trog.
             Hit by a large rock thrown by a stone giant (28 damage)
             ... on level 1 of the Depths on Sept 20, 2015.
             The game lasted 05:09:21 (49292 turns).

ketsa the Shatterer (Demonspawn Berserker)         Turns: 49292, Time: 05:09:22

Health: -2/164     AC: 29    Str: 23    XL:     20   Next: 65%
Magic:  0/26       EV: 16    Int:  9    God:    Trog [******]
Gold:   3424       SH:  0    Dex: 22    Spells: 0 memorised, 19 levels left

rFire  + + .     SeeInvis .     O - +8 dire flail "Wuabliuf" {speed, rPois rF++ MR+}
rCold  + . .     Clarity  .     N - +3 plate armour {rN+}
rNeg   + . .     SustAt   .     (no shield)
rPois  +         Gourm    .     X - +0 hat
rElec  .         Spirit   +     k - +2 cloak {rPois}
rCorr  .         Warding  .     j - +2 pair of gloves
rMut   .         Stasis   .     H - +0 pair of boots
MR     ++...                    D - amulet of guardian spirit
Stlth  ..........               f - ring of ice
                                T - ring of protection from fire

@: very resistant to hostile enchantments, extremely unstealthy
A: horns 2, thin skeletal structure 3, blurry vision 1, powered by death 3,
spiny 2
a: Burn Spellbooks, Berserk, Trog's Hand, Brothers in Arms, Renounce Religion
}: 2/15 runes: decaying, serpentine


You were on level 1 of the Depths.
You worshipped Trog.
Trog was exalted by your worship.
You were not hungry.

You visited 11 branches of the dungeon, and saw 44 of its levels.
You also visited: Volcano.

You collected 4711 gold pieces.
You spent 1287 gold pieces at shops.

Inventory:

Hand weapons
 d - the +10 arbalest of Wealth {elec, rC+}
   (Trog gifted it to you on level 1 of the Snake Pit)

   It charges the ammunition it shoots with electricity; occasionally upon a
   hit, such missiles may discharge and cause terrible harm.
   It protects you from cold.
 x - the +5 great mace of Killer Klown's Doom {antimagic, rF+ Int+3}
   (Trog gifted it to you on level 12 of the Dungeon)

   It disrupts the flow of magical energy around spellcasters and certain
   magical creatures (including the wielder).
   It affects your intelligence (+3).
   It protects you from fire.
 B - the +3 eveningstar "Bosis" {crush, +Inv rC+}
   (Trog gifted it to you on level 2 of the Orcish Mines)

   It inflicts extra damage upon your enemies.
   It protects you from cold.
   It lets you turn invisible.
 K - the +6 broad axe of Rohaxkosk {vamp, rC++ MP+9 Dex+3 Stlth-}
   (You found it on level 12 of the Dungeon)

   It inflicts no extra harm, but heals its wielder somewhat when it strikes a
   living foe.
   It affects your dexterity (+3).
   It greatly protects you from cold.
   It affects your magic capacity (+9).
   It makes you less stealthy.
 O - the +8 dire flail "Wuabliuf" (weapon) {speed, rPois rF++ MR+}
   (Trog gifted it to you on level 2 of the Vaults)

   Attacks with this weapon are significantly faster.
   It greatly protects you from fire.
   It protects you from poison.
   It affects your resistance to hostile enchantments.
 V - the +7 broad axe of the Present {chop, *Confuse rF+ rN+}
   (You found it on level 1 of the Swamp)

   It inflicts extra damage upon your enemies.
   It protects you from fire.
   It protects you from negative energy.
   It may confuse you when you take damage.
Missiles
 s - 20 javelins of penetration
 Q - 8 javelins of returning (quivered)
Armour
 a - a fire dragon hide
 j - a +2 pair of gloves (worn)
 k - a +2 cloak of poison resistance (worn)
 l - the +0 chain mail "Fidogg" {rC+ MP+9}
   (You found it on level 3 of the Vaults)

   It protects you from cold.
   It affects your magic capacity (+9).
 o - a +0 shield of reflection
 y - an ice dragon hide
 H - a +0 pair of boots (worn)
 N - a +3 plate armour of positive energy (worn)
 X - a +0 hat (worn)
Jewellery
 f - a ring of ice (right hand)
 n - an uncursed ring of invisibility
 C - an uncursed ring of flight
 D - an amulet of guardian spirit (around neck)
 M - an uncursed amulet of regeneration
 T - a ring of protection from fire (left hand)
 W - an uncursed ring of poison resistance
Magical devices
 e - a wand of draining (6)
 p - a wand of disintegration (8)
 E - a wand of fireball (9)
 J - a wand of teleportation (5)
 U - a wand of flame (36)
Scrolls
 g - 21 scrolls of remove curse
 h - 7 scrolls of blinking
 i - 2 scrolls of silence
 q - 23 scrolls of teleportation
 r - 2 scrolls of fog
 t - 7 scrolls of fear
 w - 7 scrolls of enchant weapon
 F - 2 scrolls of magic mapping
 L - 4 scrolls of identify
 S - 8 scrolls of enchant armour
Potions
 b - 2 potions of invisibility
 m - 2 potions of haste
 v - a potion of resistance
 z - 5 potions of agility
 I - 5 potions of flight
 P - 20 potions of curing
 R - 7 potions of might
 Y - a potion of cure mutation
 Z - 10 potions of heal wounds
Miscellaneous
 G - a box of beasts
Comestibles
 c - 21 bread rations
 u - 13 meat rations
 A - 8 chunks of flesh


   Skills:
 + Level 15.6 Fighting
 + Level 21.4 Maces & Flails
 - Level 7.7 Throwing
 + Level 16.0 Armour
 + Level 11.9 Dodging
 * Level 2.0 Stealth
 - Level 8.2 Evocations


You had 19 spell levels left.
You didn't know any spells.

Dungeon Overview and Level Annotations

Branches:
Dungeon (15/15)            Temple (1/1) D:7            Lair (8/8) D:10
  Swamp (4/4) Lair:3        Snake (4/4) Lair:5        Slime (1/6) Lair:7
    Orc (4/4) D:10            Elf (1/3) Orc:3        Vaults (4/5) D:13
 Depths (1/5) D:15
  Crypt: Vaults:2-3

Altars:
Ashenzari
Cheibriados
Dithmenos
Elyvilon
Fedhas
Gozag
Kikubaaqudgha
Makhleb
Nemelex Xobeh
Okawaru
Qazlal
Ru
Sif Muna
Trog
Vehumet
Xom
Yredelemnul
Zin
The Shining One

Shops:
D:5 *   D:7 *[:   D:13 :(}*[   Orc:2 *   Orc:4 ?(!:   Snake:3 !

Portals:
Pandemonium: Orc:4 Depths:1

Annotations:
Elf:1 Asterion


Innate Abilities, Weirdness & Mutations

You have a pair of horns on your head.
You have an unnaturally thin skeletal structure (Dex +6, Stealth++).
You regenerate a lot of health from kills.
You are mostly covered in sharp spines.
Scrolls take you a little longer to read.


Message History

The rakshasa weaves an illusion.
The stone giant shimmers and seems to become two!
You barely miss the stone giant.
The stone giant is heavily wounded.
The stone giant throws a large rock.
The large rock hits you!!
The large rock shimmers and vanishes!
The stone giant throws a large rock.
The large rock hits you!!
Read which item? (? for menu, Esc to quit)
Okay, then.
Read which item? (? for menu, Esc to quit)
Really read with blurry vision while enemies are nearby?
The stone giant hits you.
Your hill giant hits the stone giant with a giant club!
The rakshasa hits your hill giant with an enchanted long sword!
You begin reading the scroll.
You continue reading the scroll.
The stone giant throws a large rock.
The large rock hits you!!!
* * * LOW HITPOINT WARNING * * *
The large rock shimmers and vanishes!
The stone giant throws a large rock.
The large rock hits you!!
You die...

#....................
#....................
#....................
#....................
#....................
#................[... ##
#...R......#+#####../ ..
+...C[.....+.. ..#... #.
#...@C.....#.# #.#...
#..######'######.# #.#...
#..R(C/.∩CC..# #.# #.#...
##C######.##.###.###.#.≈≈
.. #.##.........#.≈# ..R
#.##.##......'.≈# ...
#.##.# ###.###.≈# ..
#.##.# #.# #.≈≈ . #.#..#
###.# #...


You could see 3 stone giants, a rakshasa and a friendly hill giant (berserk).

Vanquished Creatures
  Vashnia (Snake:2)
  2 tentacled monstrosities (Vaults:2)
  The ghost of KambridgeKobold the Tortoise, a mighty MiFi of Ru (Snake:2)
  The ghost of kae the Minotaur Blade, a mighty MiFi of Qazlal (Elf:1)
  A tengu reaver (Depths:1)
  2 frost giants (Vaults:2)
  10 greater nagas
  The ghost of PeterLawrence the Bludgeoner, a powerful MiFi of Okawaru (Snake:3)
  Donald (Vaults:1)
  A fire giant (Vaults:2)
  14 ironheart preservers
  6 vault wardens
  6 stone giants
  4 very ugly things
  A deep elf demonologist (Vaults:2)
  A deep elf annihilator (Vaults:2)
  A vampire knight (Vaults:2)
  Azrael (D:15)
  2 salamander stormcallers
  A deep elf death mage (Vaults:2)
  17 vault guards
  3 jiangshi (D:15)
  5 fire dragons
  Josephine (D:15)
  4 ettins (Vaults:2)
  4 yaktaur captains
  5 great orbs of eyes
  2 rakshasas
  Fannar (Orc:1)
  4 ice dragons
  Harold (Orc:1)
  22 hydras
  2 ghost crabs (Swamp:3)
  11 naga warriors
  8 centaur warriors
  Erica (D:8)
  6 alligators
  Erolcha (Orc:1)
  10 anacondas
  3 deep troll earth magi
  2 deep troll shamans
  8 ogre magi
  17 naga sharpshooters
  5 orc high priests
  7 shock serpents
  3 vampire magi
  16 death yaks
  Urug (D:14)
  A sun demon (Orc:4)
  Sonja (Orc:2)
  A deep elf knight (Vaults:3)
  A fire crab (Swamp:4)
  An iron troll (D:15)
  2 shadow wraiths
  A salamander mystic (Snake:4)
  5 skeletal warriors (D:12)
  3 giant orange brains
  2 flayed ghosts (Vaults:2)
  4 unseen horrors
  5 swamp dragons
  10 orc knights
  14 deep trolls
  2 shambling mangroves (Swamp:3)
  A torturous demonspawn (Orc:4)
  Pikel (D:4)
  8 ironbrand convokers
  4 naga ritualists (Snake:4)
  2 wizards (Vaults:3)
  A harpy (shapeshifter) (D:15)
  2 lindwurms
  6 cyclopes
  A deep elf conjurer (Vaults:2)
  3 wolf spiders
  7 mana vipers
  7 orc sorcerers
  5 hill giants
  A necromancer (D:15)
  An orb spider (shapeshifter) (Elf:1)
  2 manticores (D:14)
  3 griffons
  28 ugly things
  A manticore (shapeshifter) (Vaults:2)
  6 salamanders
  A sixfirhy (Orc:4)
  A frost giant zombie (Depths:1)
  19 black mambas
  11 elephants
  16 guardian serpents
  25 naga magi
  Maurice (D:8)
  13 vault sentinels
  A black mamba (shapeshifter) (Vaults:3)
  Psyche (D:8)
  A torpor snail (Lair:7)
  A spiny frog (shapeshifter) (Vaults:3)
  A kobold demonologist (Vaults:2)
  9 komodo dragons
  2 molten gargoyles
  A yaktaur (shapeshifter) (D:15)
  An orange demon (Orc:4)
  4 centaur skeletons
  3 gargoyles (Volcano)
  3 fire drakes (shapeshifter)
  22 spiny frogs
  3 deep elf priests
  12 fire drakes
  3 freezing wraiths (Vaults:1)
  15 yaktaurs
  10 trolls
  A wind drake (shapeshifter) (D:15)
  A jumping spider (shapeshifter) (D:15)
  9 giant leeches
  18 blink frogs
  14 two-headed ogres
  A blue devil (Orc:4)
  3 boulder beetles
  A blink frog (shapeshifter) (D:15)
  40 slime creatures
  5 bog bodies
  8 wyverns
  A centaur simulacrum (D:15)
  4 redbacks
  29 yaks
  A wyvern (shapeshifter) (Vaults:2)
  A tarantella (Vaults:2)
  6 shadows
  4 deep elf magi
  8 wraiths
  2 tarantellas (shapeshifter)
  9 basilisks
  8 deep elf fighters
  A basilisk (shapeshifter) (Vaults:3)
  A human (D:8)
  16 hippogriffs
  A hungry ghost (D:7)
  9 fire elementals
  A steam dragon (Swamp:4)
  A yak (shapeshifter) (Vaults:1)
  A hog (D:8)
  23 swamp worms
  16 wolves
  6 hell hounds
  8 wargs
  25 insubstantial wisps
  41 orc warriors
  A wolf (shapeshifter) (Vaults:1)
  46 vampire mosquitoes
  19 water moccasins
  5 mottled dragons
  12 swamp drakes
  58 nagas
  A slave (D:4)
  12 porcupines
  2 ice beasts
  2 sky beasts
  5 wasps (Swamp:3)
  A black bear (shapeshifter) (D:8)
  A necrophage (D:5)
  A black bear (D:8)
  5 phantoms
  An eye of draining (D:10)
  12 boggarts
  13 crocodiles
  17 centaurs
  36 ogres
  4 big kobolds
  44 giant frogs
  A wyvern zombie (D:8)
  A wyvern skeleton (D:11)
  3 human simulacra (Vaults:2)
  6 killer bees (D:11)
  3 scorpions
  7 wights
  4 electric eels
  45 orc priests
  2 centaur zombies
  14 crimson imps
  2 giant frog zombies
  A gnoll shaman (D:6)
  8 hounds
  2 giant frog skeletons
  7 iguanas
  5 jellies
  24 orc wizards
  11 worker ants
  12 sheep
  2 hound zombies
  32 river rats
  7 adders
  11 gnolls
  12 white imps (Lair:7)
  5 shadow imps
  3 oozes
  2 adder zombies
  4 worms
  6 giant geckos
  186 orcs
  22 bats
  A bat zombie (D:8)
  24 hobgoblins
  39 kobolds
  4 quokkas
  3 ball pythons
  11 giant cockroaches
  3 giant newts
  14 goblins
  16 jackals
  2 quokka skeletons
  24 rats
  3 fire vortices (Volcano)
  3 plants
1770 creatures vanquished.

Vanquished Creatures (collateral kills)
  A greater naga (Snake:4)
  Roxanne (D:15)
  Louise (D:15)
  The ghost of Baka the Cleaver, a powerful HOFi of Beogh (Orc:4)
  A ghost crab (Swamp:1)
  2 orc high priests (Orc:4)
  A torturous demonspawn (Orc:4)
  An orc sorcerer (Orc:4)
  An orc knight (Orc:4)
  4 ugly things (D:14)
  2 yaks (Lair:4)
  A naga (Snake:2)
  2 orc warriors
  An orc priest (Orc:4)
  An orc (Orc:2)
21 creatures vanquished.

Vanquished Creatures (others)
  A lich (Depths:1)
  A lindwurm (Swamp:4)
  A fire drake (Swamp:4)
  A spriggan (Swamp:4)
  A steam dragon (Swamp:4)
  A naga (Snake:4)
  An insubstantial wisp (Swamp:3)
  A wasp (Swamp:4)
  A swamp drake (Swamp:4)
  A hound (D:4)
  2 rats (D:4)
  A fire vortex (Vaults:2)
  39 fungi
  29 plants
81 creatures vanquished.

Grand Total: 1872 creatures vanquished

Notes
Turn   | Place    | Note
--------------------------------------------------------------
     0 | D:1      | ketsa the Demonspawn Berserker began the quest for the Orb.
     0 | D:1      | Reached XP level 1. HP: 18/18 MP: 1/1
   276 | D:1      | Gained mutation: You regenerate a little health from kills. [demonic ancestry]
   276 | D:1      | Reached XP level 2. HP: 14/24 MP: 2/2
  1027 | D:2      | Acquired Trog's second power
  1030 | D:2      | Gained mutation: You have a somewhat thin skeletal structure (Dex +2, Stealth). [demonic ancestry]
  1030 | D:2      | Reached XP level 3. HP: 29/29 MP: 3/3
  1930 | D:3      | Reached XP level 4. HP: 30/35 MP: 4/4
  2276 | D:3      | Found a burning altar of Makhleb.
  2276 | D:3      | Noticed a blizzard demon
  2279 | D:3      | Noticed a hellwing
  2279 | D:3      | Noticed a hellwing
  2359 | D:3      | Found a shimmering altar of Xom.
  2429 | D:3      | Found a sparkling altar of Nemelex Xobeh.
  2750 | D:4      | Gained mutation: You are partially covered in sharp spines. [demonic ancestry]
  2750 | D:4      | Reached XP level 5. HP: 18/42 MP: 5/5
  2798 | D:4      | Noticed an ogre
  2800 | D:4      | Reached skill level 4 in Maces & Flails
  2800 | D:4      | Reached skill level 1 in Throwing
  2808 | D:4      | Killed an ogre
  2808 | D:4      | Reached XP level 6. HP: 36/48 MP: 6/6
  2853 | D:4      | Found a bloodstained altar of Trog.
  3014 | D:4      | Noticed an ogre
  3023 | D:4      | Killed an ogre
  3059 | D:4      | Noticed a slave
  3060 | D:4      | Noticed a slave
  3061 | D:4      | Noticed a slave
  3062 | D:4      | Noticed Pikel
  3063 | D:4      | Noticed a slave
  3067 | D:4      | Killed a slave
  3074 | D:4      | Killed Pikel
  3074 | D:4      | Reached skill level 5 in Maces & Flails
  3074 | D:4      | Reached XP level 7. HP: 53/53 MP: 7/7
  3168 | D:4      | Noticed a phantom
  3186 | D:4      | Killed a phantom
  3186 | D:4      | Reached skill level 6 in Maces & Flails
  3461 | D:5      | Entered Level 5 of the Dungeon
  3645 | D:5      | Acquired Trog's third power
  3677 | D:5      | Gained mutation: You are mostly covered in sharp spines. [demonic ancestry]
  3677 | D:5      | Reached XP level 8. HP: 55/60 MP: 8/8
  3686 | D:5      | Found Qane's General Store.
  3694 | D:5      | Bought a potion of curing for 42 gold pieces
  4319 | D:6      | Reached skill level 5 in Armour
  4356 | D:6      | Reached skill level 7 in Maces & Flails
  4412 | D:6      | Upgraded the game from 0.17-a0-1575-g9a29ec8 to 0.17-a0-1582-ge6b0260
  4504 | D:6      | Received a gift from Trog
  4514 | D:6      | Reached skill level 8 in Maces & Flails
  4514 | D:6      | Gained mutation: You have a moderately thin skeletal structure (Dex +4, Stealth+). [demonic ancestry]
  4514 | D:6      | Reached XP level 9. HP: 54/65 MP: 9/9
  4861 | D:6      | Received a gift from Trog
  4879 | D:6      | Reached skill level 5 in Throwing
  5247 | D:6      | Received a gift from Trog
  5547 | D:7      | Reached skill level 9 in Maces & Flails
  5609 | D:7      | Found an opulent altar of Gozag.
  5663 | D:7      | Found Zajour's Armour Shop.
  5735 | D:7      | Found Evvi's Book Boutique.
  6186 | D:7      | Found a deep blue altar of Sif Muna.
  6283 | D:7      | Found Variveyv's General Store.
  6289 | D:7      | Bought a scroll of teleportation for 36 gold pieces
  6326 | D:7      | Found a staircase to the Ecumenical Temple.
  6346 | Temple   | Entered the Ecumenical Temple
  6748 | D:8      | Noticed Psyche
  6760 | D:8      | Killed Psyche
  6790 | D:8      | Reached skill level 10 in Maces & Flails
  6818 | D:8      | Upgraded the game from 0.17-a0-1582-ge6b0260 to 0.17-a0-1650-gce8475a
  6837 | D:8      | Noticed an orb spider
  6837 | D:8      | a yak changed into an orb spider
  6838 | D:8      | Noticed a centaur warrior
  6864 | D:8      | Killed a centaur warrior
  6864 | D:8      | Gained mutation: You regenerate health from kills. [demonic ancestry]
  6864 | D:8      | Reached XP level 10. HP: 50/71 MP: 3/10
  6865 | D:8      | Received a gift from Trog
  6951 | D:8      | Noticed Maurice
  6970 | D:8      | Killed Maurice
  7007 | D:8      | Noticed Erica
  7030 | D:8      | Killed Erica
  7030 | D:8      | Reached skill level 11 in Maces & Flails
  7180 | D:8      | Found a glowing golden altar of the Shining One.
  7283 | D:8      | Found a glowing silver altar of Zin.
  7377 | D:8      | Killed an unseen horror
  7693 | D:8      | Gained mutation: You have a pair of small horns on your head. [demonic ancestry]
  7693 | D:8      | Reached XP level 11. HP: 76/76 MP: 3/11
  7920 | D:9      | Found a sacrificial altar of Ru.
  7995 | D:9      | Reached skill level 12 in Maces & Flails
  8161 | D:9      | Noticed a cyan ugly thing
  8179 | D:9      | Killed a cyan ugly thing
  8213 | D:9      | Found a blossoming altar of Fedhas.
  8601 | D:10     | Entered Level 10 of the Dungeon
  9051 | D:10     | Received a gift from Trog
  9052 | D:10     | Killed an unseen horror
  9213 | D:10     | Found a staircase to the Orcish Mines.
  9251 | D:10     | Found a staircase to the Lair.
  9260 | Lair:1   | Entered Level 1 of the Lair of Beasts
  9261 | Lair:1   | Upgraded the game from 0.17-a0-1650-gce8475a to 0.17-a0-1655-g88a8506
  9335 | Lair:1   | Reached skill level 13 in Maces & Flails
  9627 | Lair:1   | Found a dark tunnel.
  9636 | Volcano  | Entered a volcano
  9738 | Volcano  | Noticed a lindwurm
 10344 | Volcano  | Killed a lindwurm
 10344 | Volcano  | Reached skill level 10 in Armour
 10406 | Volcano  | Reached skill level 1 in Evocations
 10406 | Volcano  | Reached XP level 12. HP: 78/83 MP: 4/12
 11106 | Lair:2   | Upgraded the game from 0.17-a0-1655-g88a8506 to 0.17-a0-1718-g72dbe4d
 11474 | Lair:2   | Received a gift from Trog
 12295 | Lair:3   | Found a staircase to the Swamp.
 12328 | Swamp:1  | Entered Level 1 of the Swamp
 12564 | Lair:3   | Reached skill level 14 in Maces & Flails
 14534 | Lair:4   | Received a gift from Trog
 14886 | Lair:5   | Reached skill level 5 in Evocations
 14980 | Lair:5   | Noticed a seven-headed hydra
 14995 | Lair:5   | Killed a seven-headed hydra
 14998 | Lair:5   | Gained mutation: You regenerate a lot of health from kills. [demonic ancestry]
 14998 | Lair:5   | Reached XP level 13. HP: 39/88 MP: 5/16
 15140 | Lair:5   | Found a staircase to the Snake Pit.
 15226 | Snake:1  | Entered Level 1 of the Snake Pit
 15609 | Lair:5   | Received a gift from Trog
 16071 | Lair:6   | Found a snail-covered altar of Cheibriados.
 16695 | Lair:6   | Reached skill level 5 in Fighting
 16756 | Lair:7   | Found a staircase to the Slime Pits.
 17057 | Lair:7   | Reached skill level 15 in Maces & Flails
 17265 | Lair:7   | Received a gift from Trog
 17279 | Lair:7   | Got a jewelled bardiche {god gift}
 17417 | Lair:7   | Identified the +6 bardiche "Wiveojaa" {chop, rN+ Stlth+} (Trog gifted it to you on level 7 of the Lair of Beasts)
 17892 | D:10     | Noticed a centaur warrior
 17900 | D:10     | Killed a centaur warrior
 17978 | Orc:1    | Entered Level 1 of the Orcish Mines
 18090 | Orc:1    | Noticed Erolcha
 18097 | Orc:1    | Killed Erolcha
 18097 | Orc:1    | Reached XP level 14. HP: 100/100 MP: 6/19
 18143 | Orc:1    | Noticed Fannar
 18157 | Orc:1    | Killed Fannar
 18303 | Orc:1    | Noticed Harold
 18322 | Orc:1    | Killed Harold
 18449 | Orc:1    | Received a gift from Trog
 18651 | Orc:2    | Received a gift from Trog
 18668 | Orc:2    | Found Zuel's Off-Brand Ammunition.
 18712 | Orc:2    | Noticed Sonja
 18727 | Orc:2    | Killed Sonja
 18926 | Orc:2    | Found a radiant altar of Vehumet.
 19102 | Orc:3    | Found a staircase to the Elven Halls.
 19127 | Elf:1    | Entered Level 1 of the Elven Halls
 19129 | Elf:1    | Noticed kae's ghost (mighty MiFi)
 19776 | Orc:4    | Entered Level 4 of the Orcish Mines
 20102 | Slime:1  | Entered Level 1 of the Pits of Slime
 20102 | Slime:1  | Noticed an acid blob
 20131 | Lair:8   | Entered Level 8 of the Lair of Beasts
 20215 | Lair:8   | Received a gift from Trog
 20548 | Lair:8   | Got a transparent chain mail
 20549 | Lair:8   | Identified the +2 chain mail of the Gate {Str+4 Int+2} (You found it on level 8 of the Lair of Beasts)
 20632 | Lair:8   | Received a gift from Trog
 21083 | Lair:8   | Received a gift from Trog
 21150 | Lair:8   | Reached skill level 16 in Maces & Flails
 22253 | D:10     | Received a gift from Trog
 22663 | Orc:4    | Found Wuaneruf's Distillery.
 22684 | Orc:4    | Found Netad's Magic Scroll Shoppe.
 22822 | Orc:4    | Bought 3 scrolls of teleportation for 135 gold pieces
 22822 | Orc:4    | Bought a scroll of teleportation for 45 gold pieces
 22822 | Orc:4    | Bought a scroll of fear for 52 gold pieces
 22824 | Orc:4    | Bought a potion of curing for 36 gold pieces
 22824 | Orc:4    | Bought a potion of heal wounds for 60 gold pieces
 22824 | Orc:4    | Bought a potion of heal wounds for 60 gold pieces
 22904 | Orc:4    | Received a gift from Trog
 22970 | Orc:4    | Gained mutation: You have an unnaturally thin skeletal structure (Dex +6, Stealth++). [demonic ancestry]
 22970 | Orc:4    | Reached XP level 15. HP: 98/112 MP: 7/21
 23040 | Orc:4    | Noticed Baka's ghost (powerful HOFi)
 23082 | Orc:4    | Killed Baka's ghost
 23173 | Orc:4    | Found Teimui's Antique Weapon Boutique.
 23173 | Orc:4    | Found Munlomub's Book Shop.
 23174 | Orc:4    | Found a one-way gate leading to the halls of Pandemonium.
 23411 | Orc:4    | Found a shimmering altar of Xom.
 23906 | D:10     | Received a gift from Trog
 24005 | D:11     | Got a crude scale mail
 24006 | D:11     | Identified the +0 scale mail "Eqapuinu" {Int+4} (You found it on level 11 of the Dungeon)
 24127 | D:11     | Found a blossoming altar of Fedhas.
 24207 | D:11     | Received a gift from Trog
 24871 | D:12     | Received a gift from Trog
 24877 | D:12     | Got a brightly glowing great mace {god gift}
 24878 | D:12     | Identified the +5 great mace of Killer Klown's Doom {antimagic, rF+ Int+3} (Trog gifted it to you on level 12 of the Dungeon)
 25160 | D:12     | Got a warped broad axe
 25161 | D:12     | Identified the +6 broad axe of Rohaxkosk {vamp, rC++ MP+9 Dex+3 Stlth-} (You found it on level 12 of the Dungeon)
 25336 | D:13     | Found Aganol's Antique Weapon Shoppe.
 25360 | D:13     | Reached skill level 10 in Fighting
 25361 | D:13     | Found Gaddo's Gadget Boutique.
 25532 | D:13     | Found a gate to the Vaults.
 25823 | D:13     | Found Saucoaq's General Store.
 25829 | D:13     | Bought a scroll of blinking for 105 gold pieces
 25829 | D:13     | Bought a scroll of teleportation for 42 gold pieces
 25939 | D:13     | Found Ruicesar's Armour Shoppe.
 25946 | D:13     | Bought a +2 cloak of poison resistance for 296 gold pieces
 26168 | D:13     | Found Obae's Book Shoppe.
 26295 | D:14     | Noticed Urug
 26313 | D:14     | Killed Urug
 26313 | D:14     | Reached skill level 17 in Maces & Flails
 26841 | D:14     | Received a gift from Trog
 26912 | D:15     | Entered Level 15 of the Dungeon
 26912 | D:15     | Noticed Azrael
 27735 | D:15     | Noticed Josephine
 27748 | D:15     | Killed Josephine
 27786 | D:15     | Noticed Louise
 27794 | D:15     | Killed Louise
 27794 | D:15     | Reached XP level 16. HP: 125/125 MP: 7/22
 27879 | D:15     | Noticed Roxanne
 27885 | D:15     | Upgraded the game from 0.17-a0-1718-g72dbe4d to 0.17-a0-1719-g1afd5a1
 27987 | D:15     | Killed Azrael
 28020 | D:15     | Received a gift from Trog
 28368 | D:15     | Found a staircase to the Depths.
 28374 | D:15     | Received a gift from Trog
 28500 | Depths:1 | Entered Level 1 of the Depths
 29539 | Snake:1  | Received a gift from Trog
 29553 | Snake:1  | Got a shimmering arbalest {god gift}
 29651 | Snake:1  | Reached skill level 18 in Maces & Flails
 30049 | Swamp:1  | Identified the +10 arbalest of Wealth {elec, rC+} (Trog gifted it to you on level 1 of the Snake Pit)
 30088 | Swamp:1  | Noticed a seven-headed hydra
 30100 | Swamp:1  | Killed a seven-headed hydra
 30333 | Swamp:1  | Noticed a ghost crab
 30363 | Swamp:1  | Killed a ghost crab
 30714 | Swamp:1  | Got a warped broad axe
 30715 | Swamp:1  | Identified the +7 broad axe of the Present {chop, *Confuse rF+ rN+} (You found it on level 1 of the Swamp)
 30808 | Swamp:1  | Noticed an eight-headed hydra
 30814 | Swamp:1  | Killed an eight-headed hydra
 30940 | Swamp:1  | Upgraded the game from 0.17-a0-1719-g1afd5a1 to 0.17-a0-1731-g129c023
 31907 | Swamp:3  | Received a gift from Trog
 32194 | Swamp:4  | Entered Level 4 of the Swamp
 32363 | Swamp:3  | Upgraded the game from 0.17-a0-1731-g129c023 to 0.17-a0-1748-g222fba8
 32529 | Swamp:3  | Reached skill level 5 in Dodging
 32876 | Swamp:4  | Reached XP level 17. HP: 133/133 MP: 7/23
 33440 | Orc:2    | Received a gift from Trog
 33481 | Orc:2    | Got a twisted eveningstar {god gift}
 33482 | Orc:2    | Identified the +3 eveningstar "Bosis" {crush, +Inv rC+} (Trog gifted it to you on level 2 of the Orcish Mines)
 34164 | Snake:2  | Noticed Vashnia
 35218 | Depths:1 | Noticed a lich
 35224 | Depths:1 | Noticed a Brimstone Fiend
 35224 | Depths:1 | Killed a lich
 35397 | D:15     | Killed Roxanne
 36058 | Swamp:3  | Reached skill level 19 in Maces & Flails
 36784 | Swamp:4  | Got a decaying rune of Zot
 37357 | Vaults:1 | Entered Level 1 of the Vaults
 37492 | Vaults:1 | Received a gift from Trog
 38046 | Vaults:1 | Received a gift from Trog
 38056 | Vaults:1 | Reached XP level 18. HP: 143/143 MP: 6/24
 38374 | Vaults:1 | Noticed Donald
 38395 | Vaults:1 | Killed Donald
 39234 | Vaults:2 | Noticed a tentacled monstrosity
 39300 | Vaults:1 | Upgraded the game from 0.17-a0-1748-g222fba8 to 0.17-a0-1778-gd369669
 39462 | Vaults:2 | Received a gift from Trog
 39462 | Vaults:2 | Reached skill level 15 in Armour
 39661 | Vaults:2 | Received a gift from Trog
 39667 | Vaults:2 | Got an iridescent dire flail {god gift}
 39673 | Vaults:2 | Identified the +8 dire flail "Wuabliuf" {speed, rPois rF++ MR+} (Trog gifted it to you on level 2 of the Vaults)
 39723 | Vaults:2 | Upgraded the game from 0.17-a0-1778-gd369669 to 0.17-a0-1830-g81820eb
 39968 | Vaults:2 | Gained mutation: Scrolls take you a little longer to read. [a shining eye]
 40054 | Vaults:2 | Noticed a tentacled monstrosity
 40110 | Vaults:2 | Killed a tentacled monstrosity
 40145 | Vaults:2 | Killed a tentacled monstrosity
 40672 | Vaults:2 | Reached skill level 20 in Maces & Flails
 40795 | Vaults:1 | Upgraded the game from 0.17-a0-1830-g81820eb to 0.17-a0-1850-g688e747
 40856 | Vaults:1 | Received a gift from Trog
 41158 | Vaults:2 | Gained mutation: You have a pair of horns on your head. [demonic ancestry]
 41158 | Vaults:2 | Reached XP level 19. HP: 142/152 MP: 22/25
 41165 | Vaults:2 | Found a staircase to the Crypt.
 41182 | Crypt:1  | Entered Level 1 of the Crypt
 41472 | Vaults:2 | Reached skill level 10 in Dodging
 41517 | Vaults:2 | Received a gift from Trog
 42166 | Vaults:2 | Received a gift from Trog
 42616 | Vaults:3 | Got an ancient chain mail
 42896 | Vaults:3 | Received a gift from Trog
 44499 | Snake:3  | Noticed PeterLawrence's ghost (powerful MiFi)
 44553 | Snake:3  | Killed PeterLawrence's ghost
 44648 | Snake:2  | Reached skill level 21 in Maces & Flails
 44795 | Snake:2  | Killed Vashnia
 44941 | Snake:2  | Noticed KambridgeKobold's ghost (mighty MiFi)
 45328 | Snake:2  | Received a gift from Trog
 45909 | Snake:2  | Killed KambridgeKobold's ghost
 45984 | Snake:3  | Reached skill level 15 in Fighting
 46122 | Snake:4  | Entered Level 4 of the Snake Pit
 46176 | Snake:3  | Found Movut's Distillery.
 46311 | Snake:3  | Received a gift from Trog
 46572 | Snake:4  | Reached XP level 20. HP: 162/162 MP: 26/26
 46917 | Snake:4  | Received a gift from Trog
 47562 | Snake:4  | Received a gift from Trog
 47644 | Snake:4  | Received a gift from Trog
 47892 | Snake:4  | Received a gift from Trog
 47906 | Snake:4  | Got a serpentine rune of Zot
 48280 | Lair:4   | Upgraded the game from 0.17-a0-1850-g688e747 to 0.17-a0-1863-g715b4b0
 48293 | Lair:4   | Identified the +0 chain mail "Fidogg" {rC+ MP+9} (You found it on level 3 of the Vaults)
 48538 | D:5      | Bought a wand of teleportation (5) for 378 gold pieces
 48793 | Elf:1    | Killed kae's ghost
 48793 | Elf:1    | Reached skill level 1 in Stealth
 48860 | Elf:1    | Noticed Asterion
 49292 | Depths:1 | Hit by a large rock thrown by a stone giant

Vault maps used:
D:1:      erik_arrival_triangle_large
D:2:      st_stairs_5, lexackson_kobold_supper
D:3:      old_standard_altar, nemelex_altar_shiori, makhleb_altar_promises_db
D:4:      lemuel_doored_altar, first_bread, uniq_pikel
D:5:      serial_shops, shop
D:6:      kennysheep_housing_project
D:7:      grunt_gozag_breadcrumbs, minmay_temple_entry_nine_rooms, serial_shops,
          shop, shop, nicolae_shop_stone, tgw_sif
D:8:      hangedman_cross_stitches, old_standard_altar, lemuel_round_altar,
          grunt_livestock, uniq_psyche, uniq_erica, uniq_maurice
D:9:      nicolae_ru_great_annihilating_truth, old_standard_altar
D:10:     grunt_lair_entry_elf_guard_hut, orc_0_dummy, serial_glass,
          glass_columns_a, glass_columns_a
D:11:     serial_bayou_pond_e, fedhas_altar_1
D:13:     erik_vaults_2, serial_shops, shop, shop, shop, shop, kennysheep_mini
D:14:     special_room, fountainhead, kennysheep_generic_room_14, uniq_urug
D:15:     gammafunk_enter_depths_forms, grunt_decor_fettered, uniq_roxanne,
          uniq_azrael, uniq_louise, uniq_josephine
Temple:   roderic_octagonal_lattice_temple
Lair:1:   nicolae_volcano_entry_two_sided, infiniplex_staircase_pool_2
Lair:3:   minmay_swamp_entry_swarm, grunt_megastairs_4
Lair:4:   ldierk_geyser, serial_bayou_shore_b, serial_bayou_shore_a
Lair:5:   guppyfry_snake_entry_island
Lair:6:   basic_altar
Lair:7:   slime_dummy, portal_ice_cave_entry_imps, st_stairs_10
Lair:8:   minmay_lair_end_frog_pond
Swamp:1:  nicolae_swamp_orc_logging_accident
Swamp:2:  nicolae_swamp_very_dense_foliage
Swamp:3:  evilmike_swamp_ruin_wall
Swamp:4:  swamp_fiery
Snake:2:  guppyfry_library_mini, uniq_vashnia
Snake:3:  serial_shops, nicolae_shop_trees
Snake:4:  grunt_snake_rune_serpentine_throne
Orc:1:    rock_pile, uniq_harold, uniq_fannar, uniq_erolcha
Orc:2:    basic_altar, nicolae_offbrand_ammo, uniq_sonja
Orc:3:    nicolae_orc_pool_cavern
Orc:4:    pf_orc_diabolical, basic_altar
Elf:1:    minmay_elf_arrival_summoners, serial_shops, shop, minivault_28,
          st_stairs_6, minivault_24, grunt_ministairs_6, minivault_16,
          uniq_asterion, uniq_nikola
Vaults:1: hangedman_vaults_stream, v_misc_22, v_misc_2, vaults_dpeg_ring,
          vaults_dpeg_encased_lava, v_misc_5, v_pattern_5, v_misc_16,
          uniq_donald
Vaults:2: st_greater_box_2, vaults_room_door_ring, vaults_room_semicircle,
          nicolae_vaults_shelves_hall, nicolae_vaults_arrows,
          ontoclasm_vaults_tryst, vaults_room_door_hall,
          nicolae_vaults_what_the_h, v_misc_29, vaults_room_fours
Vaults:3: v_misc_16, vaults_room_boxed, vaults_mumra_hex, v_misc_28,
          nicolae_vaults_diagonal_hallway_9, vaults_room_door_hall, v_misc_8,
          vaults_room_octagon, v_misc_18, hangedman_vaults_nails,
          ontoclasm_vaults_ring_square, nicolae_vaults_circle_grid_a,
          vaults_room_pool
Vaults:4: nicolae_vaults_little_squares_1, hangedman_vaults_cutoff,
          nicolae_vaults_ninety_degrees, vaults_room_ringed_pool,
          vaults_dpeg_spiral, nicolae_vaults_three_branches, grunt_vaults_twisty
Crypt:1:  ragdoll_tomb_raider, grunt_crypt_arrival_split, uniq_wiglaf
Depths:1: abyss_entry, pan_entry, pf_dread_powers_of_hell,
          lemuel_nasty_fountain, grunt_megastairs_3
Volcano:  volcano_aerie

Action                   |  1- 3 |  4- 6 |  7- 9 | 10-12 | 13-15 | 16-18 | 19-21 || total
-------------------------+-------+-------+-------+-------+-------+-------+-------++-------
Melee: Mace              |   213 |   101 |       |       |       |       |       ||   314
       Flail             |       |    52 |   196 |       |       |       |       ||   248
       Morningstar       |       |       |    87 |   580 |  1202 |       |       ||  1869
       Great mace        |       |       |       |       |   359 |  1179 |       ||  1538
       Dire flail        |       |       |       |       |       |   322 |  1272 ||  1594
       Eveningstar       |       |       |       |       |       |   212 |       ||   212
Throw: Stone             |     7 |     6 |     8 |       |       |       |       ||    21
       Tomahawk          |       |       |     7 |     9 |    33 |     3 |       ||    52
       Javelin           |       |       |       |       |       |     7 |     3 ||    10
Invok: Berserk           |     2 |     2 |     4 |     6 |     9 |     3 |     3 ||    29
       Trog's Hand       |       |       |     2 |     6 |    15 |     4 |     4 ||    31
       Burn Spellbooks   |       |       |     1 |       |       |     1 |     1 ||     3
       Brothers in Arms  |       |       |       |     2 |     6 |     3 |     4 ||    15
Evoke: Wand              |       |       |       |     2 |     1 |       |     1 ||     4
  Use: Potion            |       |     3 |       |     3 |       |       |     1 ||     7
       Scroll            |       |       |     1 |    22 |    13 |    14 |     6 ||    56
 Stab: Sleeping          |     4 |     1 |     1 |     9 |     2 |       |       ||    17
       Paralysed         |       |       |       |     1 |       |       |       ||     1
       Distracted        |       |       |       |       |     1 |       |     1 ||     2
       Confused          |       |       |       |       |       |     5 |       ||     5
  Eat: Chunk             |     5 |     6 |    17 |    21 |    45 |    31 |    17 ||   142
       Fruit             |       |       |       |     6 |     1 |     3 |       ||    10
       Bread ration      |       |       |       |     1 |       |       |       ||     1
       Beef jerky        |       |       |       |     2 |     5 |     6 |       ||    13
       Royal jelly       |       |       |       |       |     1 |     1 |       ||     2
       Pizza             |       |       |       |       |       |     3 |     9 ||    12
